 Dungeon Crawl Stone Soup version 0.26-a0-639-g72c4674329 (webtiles) character file.

Game seed: 17855205971348154972

324 Flugslaktarn the Skirmisher (level 6, -1/84 HPs)
             Began as a Minotaur Fighter on Sept 22, 2020.
             Was a Follower of Cheibriados.
             Slain by a wight
             ... wielding a cursed +0 battleaxe
              (8 damage)
             ... on level 5 of the Dungeon.
             The game lasted 00:01:27 (2173 turns).

Flugslaktarn the Skirmisher (Minotaur Fighter)      Turns: 2173, Time: 00:01:27

Health: -1/84      AC: 23    Str: 24    XL:     6   Next: 23%
Magic:  5/5        EV:  2    Int:  8    God:    Cheibriados [*.....]
Gold:   272        SH:  9    Dex: 11    Spells: 5/5 levels left

rFire    . . .     SeeInvis +   a - +0 war axe
rCold    . . .     Faith    .   c - +0 kite shield
rNeg     + + +     Spirit   .   (armour currently unavailable)
rPois    +         Reflect  .   (helmet currently unavailable)
rElec    .         Harm     .   (cloak currently unavailable)
rCorr    .         Rampage  .   (gloves currently unavailable)
MR       .....     NoTele   +   (boots currently unavailable)
Stlth    +.........             (no amulet)
HPRegen  0.24/turn              i - ring of see invisible
MPRegen  0.09/turn              (no ring)

@: tree-form, hasted, drained, quick
A: (retaliatory headbutt)
a: Bend Time, Renounce Religion


You were on level 5 of the Dungeon.
You worshipped Cheibriados.
Cheibriados was aware of your devotion.
You were a tree.
You visited 1 branch of the dungeon, and saw 5 of its levels.

You collected 272 gold pieces.

Inventory:

Hand Weapons
 a - a +0 war axe (weapon)
Armour
 b - a +0 scale mail (melded)
 c - a +0 kite shield (worn)
 t - a scarf of shadows (melded)
   (You found it on level 4 of the Dungeon)
Jewellery
 i - a ring of see invisible (left branch)
   (You found it on level 3 of the Dungeon)
Wands
 p - a wand of paralysis (3)
   (You took it off Ijyb on level 4 of the Dungeon)
Scrolls
 e - a scroll of enchant weapon {unknown}
 f - a scroll of fear {unknown}
 g - 4 scrolls of remove curse {unknown}
 h - 6 scrolls of identify {unknown}
 k - a scroll of fog {unknown}
 l - a scroll of immolation {unknown}
 m - a scroll of blinking {unknown}
 r - a scroll of noise {unknown}
 s - a scroll of teleportation {unknown}
Potions
 d - a potion of brilliance {unknown}
 j - a potion of degeneration {unknown}
 o - a potion of lignification
 q - 2 potions of curing


   Skills:
 * Level 5.5(4.5) Fighting
 * Level 4.7(3.8) Axes
 + Level 4.5(3.6) Armour
 + Level 1.4(0.6) Dodging
 + Level 4.5(3.6) Shields
 + Level 1.2(0.4) Invocations


You had 5 spell levels left.
You didn't know any spells.
Your spell library was empty.

Dungeon Overview and Level Annotations

Branches:
Dungeon (5/15)
 Temple: D:4-7

Altars:
Cheibriados
Kikubaaqudgha
Nemelex Xobeh
Yredelemnul
Zin


Innate Abilities, Weirdness & Mutations

((You reflexively headbutt those who attack you in melee.))
((You have a pair of horns on your head.))


Message History

* * * LOW HITPOINT WARNING * * *
The wight hits you from afar with a +2 trident.
* * * LOW HITPOINT WARNING * * *
The wight closely misses you.
Unknown command.
It was a potion of lignification.
You turn into a tree.
Your scarf of shadows melds into your body.
Your +0 scale mail melds into your body.
The dungeon's light returns to normal.
Your roots penetrate the ground.
The bullfrog hits you but does no damage.
You block the wight's attack. x2; The wight hits you but does no damage.
The bullfrog hits you but does no damage.
You block the wight's attack.
Unknown command.
It was a potion of haste.
You feel yourself speed up.
Cheibriados forgives your accidental hurry, just this once.
The wight hits you but does no damage. The bullfrog barely misses you.
The wight hits you with a cursed +0 battleaxe!
You die...

## ... ####
##.####..
.....#.#
#....###.#
#..<.....#
#....#.#..
###z♣#
#zzF......
...Wzz.....
#.....Y..$...
#.....#......
#.....#.#...#
#.....#..#...
#.....#.#....


You could see a phantom, a sky beast, a bullfrog and 5 wights.

Vanquished Creatures
  An ogre (D:4)
  An orc priest (D:4)
  An orc wizard (D:4)
  An iguana (D:5)
  Ijyb (D:4)
  A worker ant (D:4)
  3 adders
  An ooze (D:1)
  2 worms
  5 dart slugs
  4 leopard geckos
  8 orcs
  A ball python (D:1)
  4 giant cockroaches
  4 goblins
  6 hobgoblins
  2 jackals (D:2)
  A quokka (D:4)
  A bat (D:3)
  6 frilled lizards
  2 kobolds (D:1)
  3 rats
  A bush (D:4)
60 creatures vanquished.

Vanquished Creatures (others)
  A plant (D:4)
1 creature vanquished.

Grand Total: 61 creatures vanquished

Notes
Turn   | Place    | Note
-------+----------+-------------------------------------------
     0 | D:1      | Flugslaktarn the Minotaur Fighter began the quest for the
                  | Orb.
     0 | D:1      | Reached XP level 1. HP: 19/19 MP: 0/0
   152 | D:1      | Reached XP level 2. HP: 25/27 MP: 1/1
   156 | D:1      | Reached skill level 4 in Fighting
   367 | D:1      | Reached XP level 3. HP: 27/33 MP: 2/2
   818 | D:3      | Reached XP level 4. HP: 41/41 MP: 3/3
   832 | D:3      | Found a snail-covered altar of Cheibriados.
   832 | D:3      | Found an ancient bone altar of Kikubaaqudgha.
   834 | D:3      | Found a basalt altar of Yredelemnul.
   836 | D:3      | Found a glowing silver altar of Zin.
   841 | D:3      | Became a worshipper of Cheibriados the Contemplative
  1082 | D:4      | Noticed an ogre
  1095 | D:4      | Killed an ogre
  1095 | D:4      | Reached skill level 5 in Fighting
  1095 | D:4      | Reached XP level 5. HP: 20/48 MP: 4/4
  1324 | D:4      | Reached skill level 1 in Dodging
  1324 | D:4      | Reached skill level 1 in Invocations
  1663 | D:4      | Noticed Ijyb
  1669 | D:4      | Paralysed by Ijyb for 6 turns
  1683 | D:4      | Killed Ijyb
  1732 | D:4      | Reached XP level 6. HP: 55/56 MP: 5/5
  1827 | D:4      | Found a sparkling altar of Nemelex Xobeh.
  2162 | D:5      | Entered Level 5 of the Dungeon
  2167 | D:5      | Reached * piety under Cheibriados
  2168 | D:5      | Noticed a sky beast
  2173 | D:5      | Slain by a wight

Illustrated notes

Levels and vault maps discovered:
D:1:      evilmike_arrival_crescent, layout_rooms, st_stairs_6
D:2:      layout_basic, minmay_close_crescents
D:3:      layout_basic, minitemple, saegor_snake_ambush
D:4:      layout_gridville, nemelex_xobeh_ov_fountains_minmay, serial_forest,
          infiniplex_forest_zigzag_2, infiniplex_forest_clump_diagonal,
          infiniplex_forest_corner_2, infiniplex_forest_straight_1,
          infiniplex_forest_clump_medium, hangedman_abyss_or_decor_stabs,
          serial_bayou_pond_e, uniq_ijyb
D:5:      layout_loops_cross, lemuel_doored_altar, lemuel_crystal_altar

Skill      XL: |  1  2  3  4  5 |
---------------+----------------+-----
Fighting       | 4 5 |  5.5
Axes           | 3 4 |  4.7
Shields        | 4 |  4.5
Armour         | 4 |  4.5
Dodging        | 1 |  1.4
Invocations    | 1 |  1.2

Action                   |  1- 3 |  4- 6 || total
-------------------------+-------+-------++-------
Melee: War axe           |    88 |    99 ||   187
       Headbutt          |     6 |    23 ||    29
  Use: Potion            |       |     5 ||     5
Armor: Scale mail        |    34 |    25 ||    59
       Skin              |       |     4 ||     4
Dodge: Dodged            |    19 |    30 ||    49
Block: Kite shield       |    43 |    41 ||    84

Table legend: (Time is in decaauts)
 A = Elapsed time spent in this place.
 B = Non-inter-level travel time spent in this place.
 C = Inter-level travel time spent in this place.
 D = Time resting spent in this place.
 E = Time spent auto-exploring this place.
 F = Levels seen in this place.
 G = Mean time per level.
                   A        B        C        D        E       F      G
               +--------+--------+--------+--------+--------+-----+--------+
         Total |   2443 |   2347 |     96 |    260 |   1603 |   5 |  488.6 |
       Dungeon |   2443 |   2347 |     96 |    260 |   1603 |   5 |  488.6 |
               +--------+--------+--------+--------+--------+-----+--------+

Top non-repeatable levels by time:
     D:4: 1270 daAuts
     D:3: 500 daAuts
     D:1: 473 daAuts
     D:2: 185 daAuts
     D:5: 13 daAuts
